 Dungeon Crawl Stone Soup version 0.20-a0-531-g6a4a307 (webtiles) character file.

36 Derfel the Sneak (level 3, -1/16 HPs)
             Began as a Spriggan Enchanter on Jan 26, 2017.
             Slain by a worm (11 damage)
             ... on level 2 of the Dungeon.
             The game lasted 00:05:44 (1361 turns).

Derfel the Sneak (Spriggan Enchanter)               Turns: 1361, Time: 00:05:44

Health: -1/16      AC:  4    Str:  4    XL:     3   Next: 19%
Magic:  2/8        EV: 18    Int: 16    God:
Gold:   108        SH:  0    Dex: 17    Spells: 5/8 levels left

rFire    . . .     SeeInvis +   a - +1 dagger
rCold    . . .     Gourm    .   b - +0 robe
rNeg     . . .     Faith    .   (shield restricted)
rPois    .         Spirit   .   (helmet restricted)
rElec    .         Reflect  .   g - +1 cloak
rCorr    .         Harm     .   (gloves unavailable)
MR       .....                  (boots unavailable)
Stlth    +++.......             (no amulet)
Regen    0.1/turn               (no ring)
                                (no ring)

@: very quick
A: unfitting armour, see invisible, herbivore 3, speed 3, slow metabolism 2
a: no special abilities


You were on level 2 of the Dungeon.
You were not hungry.

You visited 1 branch of the dungeon, and saw 2 of its levels.

You collected 108 gold pieces.

Inventory:

Hand Weapons
 a - a +1 dagger (weapon)
Missiles
 e - 20 sling bullets (quivered)
Armour
 b - a +0 robe (worn)
 g - a +1 cloak (worn)
 l - a +0 chain mail
Wands
 q - a wand of confusion (39/48)
Scrolls
 f - a scroll of magic mapping {unknown}
 h - 5 scrolls of identify {unknown}
 i - a scroll of blinking {unknown}
 k - a scroll of enchant weapon {unknown}
 n - a scroll of remove curse {unknown}
 o - a scroll of enchant armour {unknown}
Potions
 m - a potion of brilliance {unknown}
 p - a potion of haste {unknown}
 r - 2 potions of flight {unknown}
Books
 c - a book of Maledictions

   Spells                             Type                      Level
   a - Corona                         Hexes                        1
   b - Ensorcelled Hibernation        Hexes/Ice                    2
   c - Confuse                        Hexes                        3
   d - Tukima's Dance                 Hexes                        3
   e - Dazzling Spray                 Conjuration/Hexes            3
Comestibles
 d - 2 bread rations
 j - a royal jelly


   Skills:
 + Level 0.1 Fighting
 - Level 1.1 Short Blades
 - Level 3.0 Dodging
 * Level 5.1 Stealth
 * Level 3.4 Spellcasting
 * Level 4.2 Hexes


You had 5 spell levels left.
You knew the following spells:

 Your Spells              Type           Power        Failure   Level  Hunger
a - Corona                Hex            ###....      3%          1    None
b - Ensorcelled Hibernat  Hex/Ice        #.....       12%         2    ##.....


Dungeon Overview and Level Annotations

Branches:
Dungeon (2/15)

Altars:


Innate Abilities, Weirdness & Mutations

You are very small and have problems with some larger weapons.
You are too small for most types of armour.
You have supernaturally acute eyesight. (SInv)
You are a herbivore.
You cover ground extremely quickly.
You need consume almost no food.


Message History

The worm struggles to resist.
Casting: Corona
Confirm with . or Enter, or press ? or * to list all spells.
Aiming: Corona
Press: ? - help, Shift-Dir - straight line, f/p - worm
Aim: a worm (chance to defeat MR: 62%)
The worm is outlined in light.
You hit the worm.
The worm is lightly wounded.
You hit the worm.
The worm is lightly wounded.
The worm misses you.
You hit the worm.
The worm is lightly wounded.
The worm closely misses you.
You hit the worm.
The worm is moderately wounded.
The worm bites you!
Ouch! That really hurt!
You die...

.##.#........##..
..........#####...###
..................... .
.................... .
#######.#######...# ..
#.......######...#####
..##.####.>........$.....
.....##..................
.$.>....((.....w@........
..#...#.#..######...#####
. #........# #...#
#.....##.# #...#
##..#.##.# #...#
....#.##.# #...#
###.......# #...#
####.#... ...##


You could see a worm.

Vanquished Creatures
  An ooze (D:1)
  A worm (D:2)
  2 dart slugs (D:1)
  A leopard gecko (D:1)
  6 bats (D:1)
  2 goblins (D:1)
  5 hobgoblins (D:1)
  3 kobolds (D:1)
  3 rats (D:1)
24 creatures vanquished.

Notes
Turn   | Place    | Note
-------+----------+-------------------------------------------
     0 | D:1      | Derfel the Spriggan Enchanter began the quest for the Orb.
     0 | D:1      | Reached XP level 1. HP: 9/9 MP: 5/5
   194 | D:1      | Noticed an ogre
   200 | D:1      | Reached XP level 2. HP: 13/13 MP: 6/6
   204 | D:1      | Learned a level 2 spell: Ensorcelled Hibernation
   349 | D:1      | Reached skill level 5 in Stealth
   670 | D:1      | Reached XP level 3. HP: 7/16 MP: 2/8
  1361 | D:2      | Slain by a worm

Vault maps used:
D:1:      evilmike_arrival_come_back, minmay_misc_feat_ornament,
          minmay_octomino_j4
D:2:      minmay_misc_feat_nine_boxes

Skill      XL: |  1  2 |
---------------+-------+-----
Spellcasting   | 3 |  3.4
Hexes          | 4 |  4.2
Stealth        | 5 |  5.1
Fighting       | |  0.1
Short Blades   | |  1.1
Dodging        | |  3.0

Action                   || total
-------------------------++-------
Melee: Dagger            ||   102
 Cast: Corona            ||     8
       Ensorcelled Hiber ||    15
 Stab: Sleeping          ||    12
Armor: Robe              ||    19
Dodge: Dodged            ||    98
